 Dungeon Crawl Stone Soup version 0.20.1-1-g8b1a95d (webtiles) character file.

11985 Irenicus the Ripper (level 11, -7/45 HPs)
             Began as a Felid Chaos Knight on Oct 7, 2017.
             Mangled by Rupert
             ... wielding a +0 great sword of slicing
              (26 damage)
             ... on level 4 of the Lair of Beasts.
             The game lasted 02:07:13 (21726 turns).

Irenicus the Ripper (Felid Chaos Knight)           Turns: 21726, Time: 02:07:14

Health: -7/45      AC:  5    Str: 11    XL:     11   Next: 56%
Magic:  15/16      EV: 30    Int: 13    God:    Xom [....*.]
Gold:   1054       SH:  0    Dex: 19    Spells: 7/18 levels left
                                        Lives:  0   Deaths: 3

rFire    + . .     SeeInvis +     - Unarmed
rCold    + . .     Gourm    .   (shield unavailable)
rNeg     . . .     Faith    .   (armour unavailable)
rPois    .         Spirit   .   (helmet unavailable)
rElec    .         Reflect  .   (cloak unavailable)
rCorr    .         Harm     .   (gloves unavailable)
MR       ++...                  (boots unavailable)
Stlth    ++++++....             (no amulet)
Regen    0.0/turn               L - ring "Nikafurph" {EV+4 Str+3}
MPRegen  0.2/turn               R - ring of protection from fire

@: confusing touch, quick
A: no armour, no weapons or thrown items, stealth, claws 1, fangs 3, yellow
scales 1, see invisible, carnivore 3, dopey 1, speed 1, low mp 1, magic
resistance 1, shaggy fur 3, inhibited regeneration, slow metabolism 1, wild
magic 1, sharp paws
a: Renounce Religion


You were on level 4 of the Lair of Beasts.
You worshipped Xom.
You were a beloved toy of Xom.
You were not hungry.

You visited 3 branches of the dungeon, and saw 18 of its levels.
You visited the Abyss 1 time.
You also visited: Labyrinth and Ossuary.

You collected 1455 gold pieces.
You spent 401 gold pieces at shops.

Inventory:

Jewellery
 d - an uncursed ring of fire
 l - an uncursed ring of ice
 t - an uncursed ring of positive energy
 L - the ring "Nikafurph" (left paw) {EV+4 Str+3}
   (You took it off a minotaur in a labyrinth)

   [ring of evasion]

   It affects your evasion (+4).
   It affects your strength (+3).
 R - a ring of protection from fire (right paw)
Wands
 g - a wand of flame (29/48)
 r - a wand of disintegration (15/24)
 s - a wand of paralysis (0/24)
 x - a wand of digging (14/24)
 y - a wand of polymorph (5/24)
 C - a wand of flame (11/48)
 G - a wand of iceblast (10/15)
 H - a wand of confusion (19/48)
 J - a wand of iceblast (6/15)
 K - a wand of scattershot (4/9)
 N - a wand of disintegration (17/24)
 O - a wand of paralysis (3/24)
 P - a wand of digging (11/24)
 Q - a wand of flame (31/48)
 S - a wand of polymorph (18/24)
 Y - a wand of confusion (27/48)
Scrolls
 b - 4 scrolls of recharging
 e - 3 scrolls of remove curse
 h - 8 scrolls of teleportation
 j - 5 scrolls of magic mapping
 m - 15 scrolls of identify
 n - a scroll of vulnerability {unknown}
 A - a scroll of acquirement {unknown}
 W - a scroll of blinking
Potions
 c - 7 potions of agility
 p - 4 potions of flight
 q - 2 potions of brilliance
 w - 2 potions of cancellation
 z - 2 potions of resistance
 B - 2 potions of invisibility
 T - a potion of might
 U - 2 potions of haste
 V - a potion of berserk rage
Books
 i - a book of Changes

   Spells                             Type                      Level
   a - Beastly Appendage              Transmutation                1
   b - Sticks to Snakes               Transmutation                2
   c - Spider Form                    Transmutation/Poison         3
   d - Ice Form                       Ice/Transmutation            4
   e - Blade Hands                    Transmutation                5
 k - a book of Cantrips

   Spells                             Type                      Level
   a - Confusing Touch                Hexes                        1
   b - Animate Skeleton               Necromancy                   1
   c - Summon Small Mammal            Summoning                    1
   d - Apportation                    Translocation                1
 u - a book of Geomancy

   Spells                             Type                      Level
   a - Sandblast                      Earth                        1
   b - Passwall                       Transmutation/Earth          2
   c - Stone Arrow                    Conjuration/Earth            3
   d - Petrify                        Transmutation/Earth          4
   e - Lee's Rapid Deconstruction     Earth                        5
 E - a book of Conjurations

   Spells                             Type                      Level
   a - Magic Dart                     Conjuration                  1
   b - Searing Ray                    Conjuration                  2
   c - Dazzling Spray                 Conjuration/Hexes            3
   d - Fulminant Prism                Conjuration/Hexes            4
   e - Force Lance                    Conjuration/Translocation    4
   f - Iskenderun's Mystic Blast      Conjuration                  4
 F - the Papyrus of the Several Tales
   (You found it on level 11 of the Dungeon)

   Spells                             Type                      Level
   a - Shock                          Conjuration/Air              1
   b - Deflect Missiles               Charms/Air                   6
   c - Conjure Ball Lightning         Conjuration/Air              6
   d - Ring of Flames                 Charms/Fire                  7
 M - a Fen Folio

   Spells                             Type                      Level
   a - Corpse Rot                     Necromancy                   2
   b - Stone Arrow                    Conjuration/Earth            3
   c - Leda's Liquefaction            Hexes/Earth                  4
   d - Summon Forest                  Summoning/Translocation      5
   e - Hydra Form                     Transmutation                6
   f - Summon Hydra                   Summoning                    7
 X - a book of Minor Magic

   Spells                             Type                      Level
   a - Magic Dart                     Conjuration                  1
   b - Blink                          Translocation                2
   c - Call Imp                       Summoning                    2
   d - Slow                           Hexes                        2
   e - Conjure Flame                  Conjuration/Fire             3
   f - Mephitic Cloud                 Conjuration/Poison/Air       3
 Z - a book of Alchemy

   Spells                             Type                      Level
   a - Sublimation of Blood           Necromancy                   2
   b - Ignite Poison                  Fire/Transmutation/Poison    3
   c - Petrify                        Transmutation/Earth          4
   d - Alistair's Intoxication        Transmutation/Poison         5
   e - Irradiate                      Conjuration/Transmutation    5
Miscellaneous
 I - a sack of spiders
Comestibles
 a - 11 meat rations
 f - 29 royal jellies


   Skills:
 - Level 3.0 Fighting
 - Level 9.0 Dodging
 - Level 13.0 Stealth
 - Level 18.0 Unarmed Combat
 - Level 4.2 Spellcasting
 - Level 6.0 Hexes
 + Level 9.5 Transmutations
 - Level 0.1 Earth Magic
 - Level 1.0 Poison Magic
 - Level 0.2 Evocations


You had 7 spell levels left.
You knew the following spells:

 Your Spells              Type           Power        Failure   Level  Hunger
b - Spider Form           Tmut/Pois      ###.......   11%         3    ###....
c - Confusing Touch       Hex            ###...       3%          1    None
d - Passwall              Tmut/Erth      ###.......   7%          2    ##.....
e - Blade Hands           Tmut           #####.....   16%         5    ######.


Dungeon Overview and Level Annotations

Branches:
Dungeon (13/15)            Temple (1/1) D:6            Lair (4/6) D:9
 Shoals (0/4) Lair:4       Spider (0/4) Lair:3          Orc (0/2) D:9
 Vaults (0/5) D:13

Altars:
Ashenzari
Cheibriados
Dithmenos
Elyvilon
Fedhas
Gozag
Hepliaklqana
Kikubaaqudgha
Makhleb
Nemelex Xobeh
Okawaru
Qazlal
Ru
Sif Muna
Trog
Uskayaw
Vehumet
Xom
Yredelemnul
Zin
The Shining One

Shops:
D:6 :?   D:7 ?**!?   D:8 [   D:10 *:([(   D:12 *}}[

Annotations:
D:4 exclusion: downstairs
D:11 exclusions: electric eel and 1 more exclusion
Lair:4 1 exclusion, Rupert


Innate Abilities, Weirdness & Mutations

You cannot wear armour.
You are incapable of wielding weapons or throwing items.
Your paws allow you to move quietly. (Stealth)
You have sharp claws.
You have razor-sharp teeth.
You have supernaturally acute eyesight. (SInv)
You are carnivorous and can eat meat at any time.
You cover ground quickly.
Your thick and shaggy fur keeps you warm. (AC +3, rC+)
You have a slow metabolism.
Your sharp claws are effective at attacking unaware monsters.
You are partially covered in yellow scales. (AC +2)
You are dopey. (Int -2)
Your magical capacity is low. (-10% MP)
You are resistant to hostile enchantments. (MR+)
You do not regenerate when monsters are visible.
Your spells are a little harder to cast, but a little more powerful.


Message History

You claw Rupert!
Rupert is lightly wounded.
Rupert hits your quokka with a great sword of slicing!!
Your quokka is killed!
Your quokka's corpse disappears in a puff of smoke!
You catch the helpless Rupert completely off-guard!
You eviscerate Rupert!!! Your claw misses Rupert.
Rupert is moderately wounded.
Rupert misses you.
You claw Rupert!
Rupert is heavily wounded.
Rupert seems less confused.
The soldier ant misses you.
Casting: Confusing Touch
Confirm with . or Enter, or press ? or * to list all spells.
Your paws begin to glow red.
Rupert hits you with a great sword of slicing!!
Ouch! That really hurt!
You die...
Xom howls with laughter!

.......##.......##...#.......# #
...............#.#..........## ..
##...#..........#..#..)...#.##..#
##..###........#..#.....#....#..
b..####........##.#..#.#...##.. #
_b.#...........#.#.##..#.##..#...
>.b##..........##.#..#..#.#.##..
.........#P...#a###.#.####.##.#.#
.#...#####.....@@...............#
.##..# #?........P......P.(....#
#.#..# #P.............#.....P#.#.
#_..## ##.......####.#..##.P## #
....P# #.##..##P# ### #### .....#
###..##### _#PPP# #.# ...P## P.
.._...


You could see Rupert (berserk) and a soldier ant.

Vanquished Creatures
  An entropy weaver (Lair:4)
  3 vault guards (D:13)
  2 hydras
  The ghost of manyhoops the Zephyrmancer, a journeyman DgAE (Lair:3)
  A centaur warrior (D:13)
  A catoblepas (Lair:4)
  6 two-headed ogres
  A queen ant (Lair:4)
  A tengu warrior (D:13)
  3 death yaks (Lair:4)
  Sonja (D:13)
  Nergalle (Lair:2)
  A sea snake (shapeshifter) (D:10)
  A spatial maelstrom (Abyss:1)
  3 unseen horrors
  A deep elf mage (D:12)
  A manticore (D:13)
  A black mamba (Lair:2)
  2 gargoyles
  A spiny frog (shapeshifter) (D:13)
  6 spiny frogs
  A torpor snail (Lair:2)
  A kobold demonologist (D:13)
  The ghost of Frank the Skirmisher, a novice OpFi (D:5)
  A rime drake (Lair:4)
  2 efreet (D:13)
  8 komodo dragons
  5 polar bears
  A queen bee (Lair:2)
  5 trolls
  A hornet (D:13)
  6 blink frogs
  3 hippogriffs
  2 water elementals (D:11)
  2 shadows (Lab)
  26 yaks
  A wraith (D:12)
  A vampire (D:12)
  6 wyverns
  2 hungry ghosts
  4 soldier ants (Lair:4)
  3 water moccasins
  4 porcupines
  2 orc warriors
  A sky beast (D:8)
  5 black bears
  2 necrophages
  3 ice beasts
  The ghost of KTyJLXy the Conjurer, an amateur DrCj (D:4)
  2 phantoms
  5 centaurs
  6 ogres
  5 crocodiles
  A big kobold (D:10)
  16 bullfrogs
  4 scorpions
  4 wyvern skeletons
  5 wights (D:8)
  17 killer bees (Lair:2)
  2 troll skeletons (Lab)
  5 howler monkeys
  A bullfrog zombie (D:5)
  7 crimson imps
  8 hounds
  2 bullfrog skeletons
  7 orc wizards
  5 centaur skeletons
  5 jellies
  9 orc priests
  An iguana (D:9)
  32 worker ants
  2 killer bee zombies
  A small abomination (Abyss:1)
  A big kobold zombie (Ossuary)
  A hound skeleton (D:5)
  9 mummies
  A worker ant zombie (D:9)
  9 adders
  4 gnolls (D:7)
  2 shadow imps (D:5)
  A white imp (Abyss:1)
  An ooze (Lair:4)
  2 adder skeletons (D:9)
  An adder zombie (D:5)
  2 worms
  7 dart slugs
  6 leopard geckos
  40 orcs
  6 giant cockroaches
  2 gnoll zombies (Ossuary)
  9 goblins
  7 hobgoblins
  16 jackals
  7 quokkas
  2 ball pythons
  11 bats
  4 frilled lizards
  A goblin zombie (D:8)
  3 hobgoblin zombies (Ossuary)
  4 kobolds
  A kobold zombie (Ossuary)
  A leopard gecko skeleton (D:7)
  2 orc zombies
  9 rats
  A fungus (Lair:4)
464 creatures vanquished.

Vanquished Creatures (collateral kills)
  A minotaur (Lab)
  A great orb of eyes (D:13)
  A hydra (D:9)
  A two-headed ogre (D:13)
  2 death yaks (Lair:4)
  An ugly thing (D:13)
  2 blink frogs (Lair:4)
  2 dream sheep (D:9)
  A golden eye (D:12)
  5 yaks
  A hungry ghost (D:10)
  A water moccasin (Lair:4)
  An acid dragon (D:13)
  A porcupine (Lair:1)
  3 big kobolds (D:9)
  A bullfrog (Lair:1)
  3 killer bees (Lair:2)
  An orc priest (D:13)
  2 orc wizards
  A worker ant (Lair:4)
  2 gnolls (D:7)
  4 orcs
  A giant cockroach (D:6)
  A jackal (D:6)
40 creatures vanquished.

Vanquished Creatures (others)
  A dancing weapon (D:13)
  A centaur skeleton (D:13)
  A yak (Lair:2)
  2 bullfrogs (D:13)
  3 killer bees (Lair:2)
  A bullfrog skeleton (D:13)
  13 fungi
  6 plants
28 creatures vanquished.

Grand Total: 532 creatures vanquished

Notes
Turn   | Place    | Note
-------+----------+-------------------------------------------
     0 | D:1      | Irenicus the Felid Chaos Knight began the quest for the Orb.
     0 | D:1      | Reached XP level 1. HP: 10/10 MP: 2/2
    39 | D:1      | XOM: potion effect (haste)
    49 | D:1      | Reached skill level 1 in Stealth
    60 | D:1      | XOM: god gift: leather armour {god gift}
    97 | D:1      | XOM: butterfly on damage
   114 | D:1      | XOM: polymorph jackal -> orc
   158 | D:1      | Reached XP level 2. HP: 6/14 MP: 3/3
   742 | D:1      | XOM: harmless Summ miscast
   777 | D:1      | Reached XP level 3. HP: 17/17 MP: 4/4
   977 | D:2      | XOM: noise
   997 | D:2      | Learned a level 1 spell: Beastly Appendage
  1052 | D:2      | XOM is BORED!
  1052 | D:2      | XOM: noise
  1067 | D:2      | XOM: god gift: 40 gold pieces
  1438 | D:3      | XOM: scenery: create altars
  1450 | D:3      | Gained mutation: You are resistant to hostile enchantments. (MR+) [potion of mutation]
  1450 | D:3      | Gained mutation: You are robust. (+10% HP) [potion of mutation]
  1455 | D:3      | Reached skill level 4 in Unarmed Combat
  1455 | D:3      | Reached XP level 4. HP: 10/23 MP: 3/5
  1768 | D:3      | XOM: harmless Fire miscast
  1805 | D:3      | Reached skill level 1 in Transmutations
  1805 | D:3      | Reached XP level 5. HP: 25/26 MP: 3/6
  1959 | D:3      | XOM: silly message
  2090 | D:3      | XOM: noise
  2276 | D:4      | XOM: butterfly on damage
  2293 | D:4      | Noticed KTyJLXy's ghost (amateur DrCj)
  2710 | D:4      | XOM: smoke on damage
  2717 | D:4      | Reached skill level 5 in Unarmed Combat
  2729 | D:5      | Entered Level 5 of the Dungeon
  2878 | D:5      | XOM: harmless Summ miscast
  2912 | D:5      | Noticed an ogre
  2963 | D:5      | XOM: silly message
  3014 | D:5      | XOM: butterfly on damage
  3050 | D:6      | Noticed an ice beast
  3072 | D:5      | Gained mutation: You are covered in thick fur. (AC +2) [Felid growth]
  3072 | D:5      | Reached XP level 6. HP: 13/30 MP: 7/7
  3076 | D:5      | XOM: divination: detect creatures
  3077 | D:5      | XOM: potion effect (brilliance)
  3088 | D:4      | XOM: cast spell 'Summon Ice Beast'
  3207 | D:4      | Reached skill level 6 in Unarmed Combat
  3304 | D:4      | XOM: butterfly on damage
  3636 | D:5      | XOM: harmless Hex miscast
  3727 | D:5      | Noticed Frank's ghost (novice OpFi)
  3761 | D:5      | XOM: harmless Conj miscast
  3900 | D:4      | XOM: noise
  3915 | D:4      | Reached XP level 7. HP: 7/34 MP: 8/8
  4202 | D:4      | Killed KTyJLXy's ghost
  4434 | D:4      | Reached skill level 7 in Unarmed Combat
  4687 | D:5      | XOM: cast spell 'Ring of Flames'
  4694 | D:5      | Killed Frank's ghost
  4694 | D:5      | Reached skill level 5 in Transmutations
  4754 | D:5      | XOM: confuse monster(s)
  4879 | D:5      | XOM: noise
  4883 | D:5      | XOM: smoke on damage
  4885 | D:5      | Reached XP level 8. HP: 15/37 MP: 7/9
  5075 | D:5      | Reached skill level 8 in Unarmed Combat
  5091 | D:4      | Learned a level 3 spell: Spider Form
  5165 | D:5      | XOM: harmless Air miscast
  5337 | D:5      | XOM: confusion
  5520 | D:5      | XOM: god gift: thick runed staff {god gift}
  5534 | D:5      | XOM: god gift: pair of glowing gloves {god gift}
  5687 | D:6      | Found Vonkuam's Magic Scroll Shop.
  5710 | D:6      | Bought a scroll of teleportation for 33 gold pieces
  5710 | D:6      | Bought a scroll of teleportation for 33 gold pieces
  5710 | D:6      | Bought a scroll of teleportation for 33 gold pieces
  5711 | D:6      | Bought a scroll of magic mapping for 38 gold pieces
  5887 | D:6      | XOM: potion effect (might)
  5940 | D:6      | Found a staircase to the Ecumenical Temple.
  5953 | Temple   | Entered the Ecumenical Temple
  6121 | D:6      | Reached skill level 9 in Unarmed Combat
  6165 | D:6      | Found Lyrchaur's Book Shop.
  6173 | D:6      | Bought a book of Cantrips for 220 gold pieces
  6175 | D:6      | Learned a level 1 spell: Confusing Touch
  6211 | D:6      | XOM: cloud trail
  6235 | D:6      | XOM: summons 5 friendly demons
  6243 | D:6      | Reached skill level 1 in Poison Magic
  6307 | D:6      | XOM: cast spell 'Ring of Flames'
  6310 | D:6      | XOM: fog
  6311 | D:6      | XOM: confuse monster(s)
  6329 | D:6      | XOM: god gift: wand of acid (?/15) {god gift}
  6878 | D:7      | Found Losuir's Distillery.
  6898 | D:7      | Found Ynimom's Assorted Antiques.
  6898 | D:7      | Found Cuurirph's Assorted Antiques.
  6903 | D:7      | Reached skill level 10 in Unarmed Combat
  6934 | D:7      | Bought a cyan potion for 22 gold pieces
  6934 | D:7      | Bought a metallic puce potion for 22 gold pieces
  7011 | D:7      | Reached XP level 9. HP: 40/40 MP: 7/10
  7028 | D:7      | Found Ulu Tol's Magic Scroll Emporium.
  7078 | D:7      | You fall through a shaft for 2 floors!
  7084 | D:9      | Noticed a two-headed ogre
  7092 | D:9      | XOM: cast spell 'Monstrous Menagerie'
  7094 | D:9      | Reached skill level 1 in Hexes
  7100 | D:9      | Killed a two-headed ogre
  7100 | D:9      | Reached skill level 11 in Unarmed Combat
  7150 | D:9      | Found a staircase to the Lair.
  7314 | D:8      | XOM: noise
  7346 | D:8      | XOM: cast spell 'Cause Fear'
  7390 | D:8      | XOM: harmless Summ miscast
  7431 | D:8      | Found a hazy altar of Hepliaklqana.
  7505 | D:8      | Found a sand-covered staircase.
  7521 | Ossuary  | Entered an ossuary
  7859 | D:8      | Noticed a two-headed ogre
  8023 | D:7      | XOM: harmless Hex miscast
  8282 | D:7      | Found Owoev's Magic Scroll Emporium.
  8360 | D:7      | XOM: enchant monster (good)
  8840 | D:7      | XOM: give mutations
  8840 | D:7      | Gained mutation: Your system is resistant to poisons. (rPois) [Xom's grace]
  8840 | D:7      | Gained mutation: You have a pair of small horns on your head. [Xom's grace]
  8840 | D:7      | Gained mutation: You have a pair of horns on your head. [Xom's grace]
  9008 | D:8      | Noticed a two-headed ogre
  9015 | D:8      | Killed a two-headed ogre
  9015 | D:8      | Reached skill level 12 in Unarmed Combat
  9015 | D:8      | Reached skill level 5 in Hexes
  9015 | D:8      | Reached XP level 10. HP: 46/46 MP: 11/11
  9132 | D:8      | XOM: confuse monster(s)
  9141 | D:8      | XOM: god gift: shiny plate armour {god gift}
  9160 | D:8      | Found Tuliluic's Antique Armour Boutique.
  9160 | D:8      | XOM: 4-stop teleportation journey
  9217 | D:8      | Reached skill level 1 in Spellcasting
  9311 | D:8      | XOM: scenery: 1 doors open
  9437 | D:8      | Killed a two-headed ogre
  9567 | D:9      | Found a staircase to the Orcish Mines.
  9701 | D:9      | Reached skill level 13 in Unarmed Combat
  9841 | D:9      | XOM: summons 5 friendly demons
  9859 | D:9      | Noticed a three-headed hydra
  9862 | D:9      | Killed a three-headed hydra
  9998 | D:10     | Entered Level 10 of the Dungeon
 10001 | D:10     | Found Igyeckua's Antique Armour Emporium.
 10057 | D:10     | XOM: chaos cloud
 10081 | D:10     | XOM: 1-stop teleportation journey
 10121 | D:10     | Found Besk's Antique Weapon Shop.
 10154 | D:10     | Found Focit's Weapon Emporium.
 10174 | D:10     | XOM: polymorph steam dragon -> big kobold
 10179 | D:10     | XOM: noise
 10182 | D:10     | XOM: enchant monster (good)
 10192 | D:10     | XOM: cast spell 'Shadow Creatures'
 10353 | D:10     | Noticed a two-headed ogre
 10363 | D:10     | XOM: 2-stop teleportation journey
 10436 | D:10     | Found Vaomp's General Store.
 10436 | D:10     | XOM: 8-stop teleportation journey
 10504 | D:10     | XOM: silly message
 10516 | D:10     | Noticed a two-headed ogre
 10523 | D:10     | Killed a two-headed ogre
 10539 | D:10     | Found Otimic Baint's Book Boutique.
 10630 | D:10     | XOM: butterfly on damage
 10634 | D:10     | XOM: cleaving
 10635 | D:10     | Noticed a faun
 10635 | D:10     | a two-headed ogre changed into a faun
 10635 | D:10     | XOM: polymorph two-headed ogre -> faun
 10636 | D:10     | XOM: scenery: create altars
 10639 | D:10     | Noticed an elephant
 10639 | D:10     | a faun changed into an elephant
 10639 | D:10     | XOM: polymorph faun -> elephant
 10648 | D:10     | XOM: fake destruction
 10926 | D:10     | Noticed a shining eye
 10932 | D:10     | XOM: 1-stop teleportation journey
 10965 | D:10     | Noticed a torpor snail
 10968 | D:10     | a torpor snail changed into a floating eye
 10968 | D:10     | XOM: polymorph torpor snail -> floating eye
 10969 | D:10     | Paralysed by a floating eye for 4 turns
 10971 | D:10     | XOM: confuse monster(s)
 10994 | D:10     | XOM: scenery: 2 doors open
 10997 | D:10     | Noticed a swamp dragon
 10997 | D:10     | a floating eye changed into a swamp dragon
 10998 | D:10     | Noticed a sea snake
 10998 | D:10     | a swamp dragon changed into a sea snake
 11007 | D:10     | XOM: scenery: 1 doors close
 11020 | D:10     | Killed a sea snake
 11020 | D:10     | Reached skill level 14 in Unarmed Combat
 11020 | D:10     | Reached XP level 11. HP: 19/49 MP: 16/18
 11252 | D:10     | XOM: scenery: 1 doors close
 11446 | D:11     | XOM: smoke on damage
 11579 | D:11     | XOM: scenery: 1 doors open
 11592 | D:11     | Identified the Papyrus of the Several Tales
 11608 | D:11     | Noticed an unseen horror
 11609 | D:11     | XOM: confusion
 11623 | D:11     | Killed an unseen horror
 11680 | D:11     | Learned a level 2 spell: Passwall
 11921 | D:11     | XOM: 5-stop teleportation journey
 12040 | D:11     | Noticed a two-headed ogre
 12054 | D:11     | XOM: harmless Tloc miscast
 12061 | D:11     | Killed a two-headed ogre
 12329 | D:11     | XOM: butterfly on damage
 12451 | D:11     | XOM: scenery: 1 doors open
 12686 | D:12     | Found Basir's Gadget Shop.
 12742 | D:12     | Noticed a two-headed ogre
 12743 | D:12     | Noticed a deep elf mage
 12756 | D:12     | Killed a two-headed ogre
 12756 | D:12     | Reached skill level 15 in Unarmed Combat
 12791 | D:12     | Found Oqosy's General Store.
 12919 | D:12     | Reached skill level 5 in Stealth
 13018 | D:12     | XOM: polymorph yak -> golden eye
 13022 | D:12     | XOM: cast spell 'Summon Hydra'
 13032 | D:12     | Found a labyrinth entrance.
 13039 | Lab      | Entered a labyrinth
 13166 | Lab      | XOM: 7-stop teleportation journey
 13458 | Lab      | Found an exit through the horrors of the Abyss.
 13559 | Lab      | Noticed a minotaur
 13573 | Lab      | Killed a minotaur
 13576 | Lab      | Got a pitted steel ring
 13588 | Lab      | Identified the ring "Nikafurph" {EV+4 Str+3} (You took it off a minotaur in a labyrinth)
 13779 | D:12     | Reached skill level 5 in Dodging
 13811 | D:12     | XOM: stat loss: -1 Dex (17/18)
 13991 | D:12     | Found Ryceawkuq's Armour Emporium.
 14009 | D:12     | Noticed an unseen horror
 14035 | D:12     | XOM: divination: detect items
 14038 | D:12     | XOM: potion effect (heal wounds)
 14058 | D:12     | Killed an unseen horror
 14094 | D:12     | Found Vufov's Gadget Shop.
 14192 | D:12     | Killed a deep elf mage
 14550 | D:13     | Gained mutation: Your thick and shaggy fur keeps you warm. (AC +3, rC+) [Felid growth]
 14550 | D:13     | Reached XP level 12. HP: 22/52 MP: 16/19
 14771 | D:13     | Noticed a centaur warrior
 14834 | D:12     | XOM: harmless Hex miscast
 14916 | D:13     | XOM: harmless Tmut miscast
 14923 | D:13     | XOM: divination: detect creatures
 14972 | D:13     | XOM: potion effect (magic)
 14988 | D:13     | XOM: mild Tmut miscast
 15061 | D:13     | Noticed Sonja
 15068 | D:13     | Cast into level 1 of the Abyss (Sonja)
 15204 | Abyss:1  | XOM: confuse monster(s)
 15357 | D:13     | Escaped the Abyss
 15367 | D:13     | XOM: cast spell 'Monstrous Menagerie'
 15373 | D:13     | Killed Sonja
 15378 | D:13     | Noticed a vault guard
 15380 | D:13     | XOM: harmless Erth miscast
 15382 | D:13     | XOM: 1-stop teleportation journey
 15392 | D:13     | Reached skill level 16 in Unarmed Combat
 15397 | D:13     | XOM: summons friendly shadow imp
 15412 | D:13     | Killed a centaur warrior
 15412 | D:13     | Reached skill level 10 in Stealth
 15468 | D:13     | Noticed a great orb of eyes
 15468 | D:13     | a vault guard changed into a great orb of eyes
 15468 | D:13     | XOM: polymorph vault guard -> great orb of eyes
 15500 | D:13     | Killed a great orb of eyes
 15533 | D:13     | Noticed a two-headed ogre
 15534 | D:13     | Noticed a vault guard
 15536 | D:13     | XOM: cleaving
 15547 | D:13     | Killed a vault guard
 15548 | D:13     | Killed a two-headed ogre
 15549 | D:13     | XOM: cloud trail
 15572 | D:13     | Noticed a vault guard
 15572 | D:13     | Noticed a vault guard
 15579 | D:13     | Found a gate to the Vaults.
 15593 | D:13     | Killed a vault guard
 15606 | D:13     | XOM: enchant monster (good)
 15739 | D:13     | XOM: scenery: create altars
 15763 | D:13     | XOM: enchant monster (good)
 15824 | D:13     | XOM: divination: detect items
 15869 | D:13     | XOM: give mutations
 15869 | D:13     | Lost mutation: You are robust. (+10% HP) [Xom's mischief]
 15869 | D:13     | Lost mutation: You have a pair of horns on your head. [Xom's mischief]
 15869 | D:13     | Gained mutation: Your magical capacity is low. (-10% MP) [Xom's mischief]
 15869 | D:13     | Gained mutation: You are dopey. (Int -2) [Xom's mischief]
 15888 | D:13     | XOM: enchant monster (bad)
 15959 | D:13     | Noticed a tengu warrior
 15977 | D:13     | Killed a tengu warrior
 16057 | D:13     | XOM: enchant monster (good)
 16076 | D:13     | Killed a vault guard
 16115 | D:13     | XOM: divination: detect creatures
 16188 | D:13     | XOM: confuse monster(s)
 16189 | D:13     | Paralysed by a hornet for 1 turns
 16406 | D:13     | XOM: harmless Fire miscast
 16470 | D:12     | XOM: divination: detect creatures
 16485 | D:12     | XOM: give mutation
 16485 | D:12     | Gained mutation: Your spells are a little harder to cast, but a little more powerful. [Xom's grace]
 16596 | Lair:1   | Entered Level 1 of the Lair of Beasts
 16866 | Lair:1   | XOM: butterfly on damage
 16870 | Lair:1   | XOM: fog
 16874 | Lair:1   | XOM: confuse monster(s)
 16881 | Lair:1   | XOM: enchant monster (bad)
 16883 | Lair:1   | XOM: noise
 16887 | Lair:1   | XOM: summons friendly white imp
 16913 | Lair:1   | XOM: 2-stop teleportation journey
 16939 | Lair:1   | XOM: potion effect (curing)
 16944 | Lair:1   | XOM: summons friendly iron imp
 16987 | Lair:1   | XOM: harmless Necr miscast
 17084 | Lair:1   | XOM: god gift: 2 potions of haste
 17131 | Lair:1   | XOM: god gift: 55 gold pieces
 17535 | Lair:2   | XOM: cast spell 'Death Channel'
 17539 | Lair:2   | XOM: noise
 17541 | Lair:2   | Slain by a torpor snail
 17542 | Lair:2   | Reached XP level 11. HP: -3/45 MP: 14/16
 17548 | Lair:2   | Reached XP level 12. HP: 48/48 MP: 15/17
 17553 | Lair:2   | XOM: 2-stop teleportation journey
 17602 | Lair:2   | XOM: potion effect (berserk rage)
 17604 | Lair:2   | XOM: polymorph yak -> spiny frog
 17608 | Lair:2   | XOM: confuse monster(s)
 17798 | Lair:2   | XOM: summons friendly shadow imp
 17934 | Lair:2   | XOM: cloud trail
 18103 | Lair:2   | XOM: stat loss: -1 Dex (18/19)
 18145 | Lair:2   | XOM: 3-stop teleportation journey
 18228 | Lair:2   | XOM: give mutations
 18228 | Lair:2   | Gained mutation: You are very dopey. (Int -4) [Xom's mischief]
 18228 | Lair:2   | Gained mutation: Your muscles are strong. (Str +2) [Xom's mischief]
 18303 | Lair:2   | XOM: harmless Air miscast
 18378 | Lair:2   | XOM: harmless Necr miscast
 18389 | Lair:2   | Noticed a four-headed hydra
 18402 | Lair:2   | Reached skill level 17 in Unarmed Combat
 18448 | Lair:2   | XOM: god gift: scroll labeled OTUAGO ROBRON {god gift}
 18717 | Lair:2   | Killed a four-headed hydra
 18724 | Lair:2   | Lost mutation: Your system is resistant to poisons. (rPois) [potion of mutation]
 18724 | Lair:2   | Lost mutation: You are very dopey. (Int -4) [potion of mutation]
 18771 | Lair:2   | XOM: cleaving
 18856 | Lair:2   | XOM: divine lightning
 18857 | Lair:2   | XOM: summons friendly white imp
 18863 | Lair:2   | XOM: enchant monster (good)
 18911 | Lair:2   | XOM: scenery: create altars
 18930 | Lair:2   | XOM: summons 2 friendly demons
 19051 | Lair:2   | XOM: scenery: create altars
 19292 | Lair:2   | Noticed Nergalle
 19307 | Lair:2   | Killed Nergalle
 19490 | Lair:2   | XOM: fog
 19501 | Lair:2   | XOM: summons friendly crimson imp
 19507 | Lair:2   | XOM: divination: detect creatures
 19548 | Lair:2   | Learned a level 5 spell: Blade Hands
 19608 | Lair:2   | XOM: enchant monster (good)
 20122 | Lair:3   | XOM: divination: magic mapping
 20290 | Lair:3   | Noticed manyhoops's ghost (journeyman DgAE)
 20308 | Lair:3   | XOM: butterfly on damage
 20312 | Lair:3   | Killed manyhoops's ghost
 20329 | Lair:3   | Found a hole to the Spider Nest.
 20444 | Lair:3   | XOM: give mutation
 20444 | Lair:3   | Gained mutation: You are partially covered in yellow scales. (AC +2) [Xom's grace]
 20672 | Lair:3   | XOM: god gift: potion of flight
 20704 | Lair:3   | XOM: divination: detect creatures
 20762 | Lair:4   | Found a staircase to the Shoals.
 20826 | Lair:4   | Noticed a death yak
 20849 | Lair:4   | XOM: fake destruction
 20897 | Lair:4   | Noticed a four-headed hydra
 20902 | Lair:4   | Killed a four-headed hydra
 20911 | Lair:4   | Reached XP level 13. HP: 42/51 MP: 18/18
 20940 | Lair:4   | Reached skill level 18 in Unarmed Combat
 20994 | Lair:4   | XOM: god gift: 7 needles of confusion
 21050 | Lair:4   | XOM: divination: detect items
 21069 | Lair:4   | XOM: summons 4 friendly demons
 21134 | Lair:4   | XOM: mild Pois miscast
 21143 | Lair:4   | XOM: polymorph yak -> black bear
 21206 | Lair:4   | XOM: 2-stop teleportation journey
 21410 | Lair:4   | XOM: silly message
 21418 | Lair:4   | Noticed an entropy weaver
 21441 | Lair:4   | XOM: cast spell 'Dispersal'
 21468 | Lair:4   | Noticed Rupert
 21471 | Lair:4   | Noticed an entropy weaver
 21472 | Lair:4   | XOM: confusion (+ monsters)
 21486 | Lair:4   | XOM: confusion
 21489 | Lair:4   | XOM: butterfly on damage
 21493 | Lair:4   | XOM: scenery: create altars
 21509 | Lair:4   | Paralysed by Rupert for 4 turns
 21511 | Lair:4   | Slain by an entropy weaver
 21512 | Lair:4   | Reached XP level 12. HP: 0/48 MP: 14/17
 21515 | Lair:4   | XOM: confusion (+ monsters)
 21572 | Lair:4   | Noticed a queen ant
 21598 | Lair:4   | XOM: give mutations
 21598 | Lair:4   | Lost mutation: You have a pair of small horns on your head. [Xom's mischief]
 21598 | Lair:4   | Lost mutation: Your muscles are strong. (Str +2) [Xom's mischief]
 21598 | Lair:4   | Gained mutation: You do not regenerate when monsters are visible. [Xom's mischief]
 21599 | Lair:4   | XOM: polymorph worker ant -> ooze
 21603 | Lair:4   | Killed a queen ant
 21619 | Lair:4   | HP: 3/72 [poisoned by a queen ant]
 21621 | Lair:4   | HP: 1/72 [poisoned by a queen ant]
 21622 | Lair:4   | Succumbed to a queen ant's poison
 21623 | Lair:4   | Reached XP level 11. HP: -1/45 MP: 16/16
 21646 | Lair:4   | Killed an entropy weaver
 21712 | Lair:4   | XOM: cast spell 'Summon Small Mammal'
 21726 | Lair:4   | Mangled by Rupert

Skill      XL: |  1  2  3  4  5  6  7  8  9 10 11 12 13 |
---------------+----------------------------------------+-----
Stealth        | 2 4 8 13 | 13.0
Unarmed Combat | 4 5 6 7 10 12 14 15 17 18 | 18.0
Transmutations | 1 2 3 5 6 9 8 |  9.5
Poison Magic   | 1 |  1.0
Hexes          | 5 6 |  6.0
Spellcasting   | 4 |  4.2
Dodging        | 5 9 |  9.0
Fighting       | |  3.0
Earth Magic    | |  0.1
Evocations     | |  0.2

Action                   |  1- 3 |  4- 6 |  7- 9 | 10-12 | 13-15 || total
-------------------------+-------+-------+-------+-------+-------++-------
Melee: Unarmed           |   109 |   173 |   349 |   920 |    69 ||  1620
       Bite              |     9 |    14 |    40 |   132 |    10 ||   205
       Punch             |     3 |     4 |    18 |    79 |     7 ||   111
       Headbutt          |     6 |    19 |    40 |   188 |    14 ||   267
 Cast: Beastly Appendage |    11 |    36 |    41 |       |       ||    88
       Spider Form       |       |       |     4 |       |       ||     4
       Confusing Touch   |       |       |    43 |   264 |    13 ||   320
       Passwall          |       |       |       |    12 |       ||    12
       Blade Hands       |       |       |       |     2 |     4 ||     6
Evoke: Wand              |       |       |     4 |     3 |       ||     7
  Use: Potion            |     3 |     7 |     4 |    16 |     1 ||    31
       Scroll            |       |     9 |     2 |     6 |     1 ||    18
 Stab: Sleeping          |     6 |     9 |    12 |    28 |    10 ||    65
       Invisible         |       |     4 |       |     2 |       ||     6
       Distracted        |       |       |     1 |     4 |       ||     5
       Confused          |       |       |    19 |   112 |     6 ||   137
       Paralysed         |       |       |     1 |       |       ||     1
  Eat: Chunk             |     7 |     9 |    15 |    34 |     4 ||    69
Armor: Skin              |     2 |     7 |    15 |    35 |       ||    59
Dodge: Dodged            |    75 |   120 |   195 |   588 |    30 ||  1008
